 Dungeon Crawl Stone Soup version 0.21.0-24-g2553a33 (webtiles) character file.

3513 ryw the Grappler (level 9, -4/115 HPs)
             Began as a Centaur Monk on Jan 20, 2018.
             Was an Elder of Okawaru.
             Slain by a troll (6 damage)
             ... on level 8 of the Dungeon.
             The game lasted 00:21:43 (9951 turns).

ryw the Grappler (Centaur Monk)                     Turns: 9951, Time: 00:21:44

Health: -4/115     AC: 24    Str: 22    XL:     9   Next: 81%
Magic:  0/11       EV:  1    Int: 17    God:    Okawaru [****..]
Gold:   418        SH:  0    Dex: 12    Spells: 8/8 levels left

rFire    . . .     SeeInvis .     - Unarmed
rCold    . . .     Gourm    .   (no shield)
rNeg     + + +     Faith    .   (armour currently unavailable)
rPois    +         Spirit   +   (helmet currently unavailable)
rElec    .         Reflect  .   (cloak currently unavailable)
rCorr    +         Harm     .   (gloves currently unavailable)
MR       .....     NoTele   +   (no barding)
Stlth    +++.......             o - amulet of guardian spirit
HPRegen  0.29/turn              g - +3 ring of strength
MPRegen  0.12/turn              p - ring of resist corrosion

@: mighty, brilliant, tree-form, heroism, very slightly contaminated, invisible
A: large
a: Heroism, Renounce Religion


You were on level 8 of the Dungeon.
You worshipped Okawaru.
Okawaru was greatly pleased with you.
You were very hungry.
You were a tree.
You visited 2 branches of the dungeon, and saw 10 of its levels.

You collected 418 gold pieces.

Inventory:

Hand Weapons
 a - a +3 dagger of venom
 b - a +3 shortbow
 c - a +2 dire flail of holy wrath
 N - a +1 spear of freezing
 Q - a +2 long sword of protection
 V - a +5 flail
 W - a cursed -1 long sword
Missiles
 h - 139 arrows
 k - 5 tomahawks
 v - 388 stones (quivered)
 Z - 3 javelins
Armour
 f - +0 swamp dragon scales (melded)
 l - a +3 chain mail
 y - a +0 pair of gloves (melded)
 A - a +2 chain mail of positive energy
 L - a +2 robe of positive energy
 M - a +0 helmet (melded)
Magical Staves
 H - an uncursed staff of fire {unknown}
 Y - an uncursed staff of poison {unknown}
Jewellery
 g - a +3 ring of strength (left branch)
 o - an amulet of guardian spirit (around neck)
 p - a ring of resist corrosion (right branch)
 r - an uncursed ring of positive energy
 R - an uncursed ring of wizardry
 S - an uncursed ring of protection from fire
Wands
 C - a wand of iceblast (10)
 F - a wand of flame (32)
 U - a wand of paralysis (7)
Scrolls
 d - a scroll of blinking {unknown}
 i - 2 scrolls of noise {unknown}
 j - 2 scrolls of remove curse
 n - a scroll of magic mapping
 w - a scroll of immolation {unknown}
 x - a scroll of random uselessness {unknown}
 B - 3 scrolls of teleportation {unknown}
 D - 3 scrolls of fog
 E - 2 scrolls of identify
 J - a scroll of amnesia {unknown}
 K - 2 scrolls of enchant armour {unknown}
 T - a scroll of enchant weapon {unknown}
 X - a scroll of fear {unknown}
Potions
 e - 2 potions of degeneration
 q - a potion of agility {unknown}
 s - 2 potions of brilliance
 t - a potion of lignification
 z - a potion of invisibility
 I - a potion of mutation {unknown}
 O - a potion of ambrosia {unknown}
 P - a potion of flight {unknown}
Comestibles
 G - 12 rations


   Skills:
 + Level 6.3(11.3) Fighting
 + Level 6.5(11.5) Bows
 + Level 4.0(9.0) Armour
 + Level 4.7(9.7) Dodging
 - Level 1.1(6.1) Stealth
 * Level 8.5(13.5) Unarmed Combat
 + Level 3.9 Invocations


You had 8 spell levels left.
You didn't know any spells.

Dungeon Overview and Level Annotations

Branches:
Dungeon (9/15)             Temple (1/1) D:4
   Lair: D:8-11         Orc: D:9-12

Altars:
Ashenzari
Cheibriados
Dithmenos
Elyvilon
Fedhas
Gozag
Hepliaklqana
Kikubaaqudgha
Makhleb
Nemelex Xobeh
Okawaru
Qazlal
Ru
Sif Muna
Trog
Uskayaw
Vehumet
Wu Jian
Xom
Yredelemnul
The Shining One


Innate Abilities, Weirdness & Mutations

((You have hooves in place of feet.))
((Armour fits poorly on your strangely shaped body.))
((You cover ground very quickly.))
((You have extremely tough skin. (AC +3)))


Message History

As you read the scroll labeled BADY PAERUMI, it crumbles to dust.
You feel momentarily disoriented.
It was a scroll of magic mapping.
The troll bites you.
* * * LOW HITPOINT WARNING * * *
The troll claws you but does no damage. x2
The yak gores you but does no damage. x2
It was a potion of invisibility.
You fade into invisibility!
The troll bites you.
* * * LOW HITPOINT WARNING * * *
The troll claws you but does no damage. x2; The yak gores you.
* * * LOW HITPOINT WARNING * * *
The yak gores you but does no damage.
You are very lightly contaminated with residual magic.
It was a potion of might.
You feel very mighty all of a sudden. The troll bites you.
* * * LOW HITPOINT WARNING * * *
The troll claws you.
You die...

#........# ######### ##.#.##...
#.......# ##<[>...#. #.#####.#
##.#[..###. #.#####.###.......)..
##########.##.............#.##
#.......##.##§##.###...#......
#.#####.##.##Y##.# ##..####.##
###.#####....§Y♣T§.# #..####.##
##.......###############......<##
#........# #...########
#..#.##..########## #...# #
#..#..#..##.......# #...########
#..##.#..##.......#####..........
#........##.....(.#...#..####.###
##.......##..............##.....#
####.#####.......#......#.......


You could see 2 yaks and a troll.

Vanquished Creatures
  A two-headed ogre (D:7)
  A hippogriff (D:8)
  Sigmund (D:2)
  A yak (D:8)
  A hungry ghost (D:8)
  Menkaure (D:5)
  Edmund (D:5)
  An orc warrior (D:8)
  A phantom (D:7)
  An ice beast (D:8)
  An ogre (D:7)
  3 centaurs
  3 big kobolds
  2 bullfrogs (D:8)
  A scorpion (D:4)
  A wyvern skeleton (D:8)
  2 howler monkeys (D:5)
  2 crimson imps
  A bullfrog zombie (D:5)
  3 hounds
  A centaur skeleton (D:4)
  3 jellies
  3 orc wizards
  3 orc priests
  Ijyb (D:5)
  5 worker ants
  A hound skeleton (D:7)
  2 worker ant zombies
  3 gnolls (D:8)
  4 adders
  A howler monkey skeleton (D:7)
  4 shadow imps
  An adder zombie (D:6)
  2 worms
  4 dart slugs
  A leopard gecko (D:8)
  19 orcs
  7 bats
  5 giant cockroaches
  7 goblins
  6 hobgoblins
  6 jackals (D:4)
  5 quokkas
  2 ball pythons
  6 frilled lizards
  29 kobolds
  A quokka skeleton (D:7)
  4 rats
165 creatures vanquished.

Notes
Turn   | Place    | Note
-------+----------+-------------------------------------------
     0 | D:1      | ryw the Centaur Monk began the quest for the Orb.
     0 | D:1      | Reached XP level 1. HP: 19/19 MP: 1/1
   180 | D:1      | Reached XP level 2. HP: 25/26 MP: 2/2
   894 | D:2      | Reached XP level 3. HP: 29/31 MP: 3/3
  1131 | D:2      | Noticed Sigmund
  1401 | D:3      | Noticed a big kobold
  1522 | D:4      | Reached skill level 1 in Armour
  1522 | D:4      | Reached skill level 4 in Unarmed Combat
  1522 | D:4      | Reached XP level 4. HP: 34/38 MP: 4/4
  1554 | D:4      | You fall through a shaft for 2 floors!
  1578 | D:6      | Found a shimmering altar of Xom.
  1582 | D:6      | Noticed a centaur
  1592 | D:6      | Killed a centaur
  1592 | D:6      | Reached XP level 5. HP: 46/46 MP: 5/5
  1676 | D:6      | Found a glowing golden altar of the Shining One.
  1853 | D:6      | Reached skill level 1 in Bows
  1880 | D:6      | Reached XP level 6. HP: 7/52 MP: 6/6
  2257 | D:5      | Entered Level 5 of the Dungeon
  2470 | D:4      | Reached skill level 5 in Unarmed Combat
  2640 | D:4      | Found a basalt altar of Yredelemnul.
  2720 | D:4      | Found a staircase to the Ecumenical Temple.
  2729 | Temple   | Entered the Ecumenical Temple
  2738 | Temple   | Became a worshipper of Warmaster Okawaru
  2738 | Temple   | Reached * piety under Okawaru
  2738 | Temple   | Reached ** piety under Okawaru
  3198 | D:2      | Found a deep blue altar of Sif Muna.
  3335 | D:2      | Killed Sigmund
  3335 | D:2      | Reached XP level 7. HP: 60/60 MP: 5/7
  4698 | D:5      | Found a snail-covered altar of Cheibriados.
  4736 | D:5      | Noticed Edmund
  4738 | D:5      | Noticed Ijyb
  4960 | D:5      | Killed Ijyb
  4998 | D:5      | Killed Edmund
  5172 | D:5      | Reached skill level 6 in Unarmed Combat
  5476 | D:5      | Noticed Menkaure
  5751 | D:5      | Killed Menkaure
  5751 | D:5      | Reached skill level 5 in Fighting
  5751 | D:5      | Reached XP level 8. HP: 42/68 MP: 5/8
  5973 | D:5      | Noticed a hand axe
  5973 | D:5      | Found a hide-covered altar of Uskayaw.
  5973 | D:5      | Noticed a dagger
  6161 | D:5      | Found a burning altar of Makhleb.
  6337 | D:6      | Found a sparkling altar of Nemelex Xobeh.
  7055 | D:7      | Found a shattered altar of Ashenzari.
  7090 | D:7      | Reached skill level 1 in Invocations
  7113 | D:7      | Reached skill level 7 in Unarmed Combat
  7131 | D:7      | Reached *** piety under Okawaru
  7384 | D:7      | Reached skill level 5 in Bows
  7602 | D:8      | Noticed a hippogriff
  7603 | D:8      | Noticed a two-headed ogre
  7755 | D:8      | Found a shadowy altar of Dithmenos.
  7765 | D:8      | Reached XP level 9. HP: 67/74 MP: 7/10
  8718 | D:7      | Killed a two-headed ogre
  8718 | D:7      | Received a gift from Okawaru
  8718 | D:7      | Reached skill level 8 in Unarmed Combat
  9135 | D:8      | Reached **** piety under Okawaru
  9818 | D:9      | Noticed a two-headed ogre
  9852 | D:9      | Noticed a troll
  9950 | D:8      | HP: 5/115 [yak (1)]
  9951 | D:8      | HP: 2/115 [troll (3)]
  9951 | D:8      | Slain by a troll

Skill      XL: |  1  2  3  4  5  6  7  8  9 |
---------------+----------------------------+-----
Armour         | 1 2 3 4 |  4.0
Unarmed Combat | 4 5 6 7 8 |  8.5
Bows           | 1 2 4 5 6 |  6.5
Fighting       | 4 5 6 |  6.3
Dodging        | 3 4 |  4.7
Invocations    | 2 3 |  3.9
Stealth        | |  1.1

Action                   |  1- 3 |  4- 6 |  7- 9 || total
-------------------------+-------+-------+-------++-------
Melee: Unarmed           |   132 |   123 |   317 ||   572
       Kick              |    33 |    29 |    69 ||   131
       Punch             |       |     5 |    12 ||    17
       Dagger            |       |       |    26 ||    26
 Fire: Shortbow          |       |       |   111 ||   111
Throw: Stone             |    14 |     9 |     7 ||    30
Invok: Heroism           |       |       |     5 ||     5
  Use: Scroll            |     2 |     2 |     5 ||     9
       Potion            |       |     4 |     6 ||    10
  Eat: Chunk             |     1 |     5 |    13 ||    19
       Ration            |       |       |     2 ||     2
Armor: Robe              |     2 |       |       ||     2
       Swamp dragon scal |    44 |    53 |   149 ||   246
       Skin              |       |       |    27 ||    27
Dodge: Dodged            |    75 |    51 |   156 ||   282
